 Dungeon Crawl Stone Soup version 0.26.0-45-g9c1d065592 (webtiles) character file.

Game seed: 11187291050745276036

(classic levelgen) 312 thiole the Magician (level 6, -6/39 HPs)
             Began as an Octopode Hedge Wizard on Jan 29, 2021.
             Killed from afar by an orc wizard (9 damage)
             ... with a magic dart
             ... on level 6 of the Dungeon.
             The game lasted 00:10:50 (5648 turns).

thiole the Magician (Octopode Hedge Wizard)         Turns: 5648, Time: 00:10:50

Health: -6/39      AC:  1    Str:  9    XL:     6   Next: 42%
Magic:  10/10      EV: 13    Int: 18    God:
Gold:   225        SH:  4    Dex: 12    Spells: 3/11 levels left

rFire    . . .     SeeInvis .   a - +0 dagger
rCold    . . .     Faith    .   q - +0 buckler
rNeg     . . .     Spirit   .   b - +0 hat
rPois    .         Reflect  .   (no amulet)
rElec    .         Harm     .   (no ring)
rCorr    .         Rampage  .   (no ring)
Will     .....                  (no ring)
Stlth    +++.......             (no ring)
HPRegen  0.13/turn              (no ring)
MPRegen  0.12/turn              (no ring)
                                (no ring)
                                (no ring)

@: flying
A: almost no armour, stealthy swim, amphibious, 8 rings, constrict 8, camouflage
1, gelatinous body 1
a: no special abilities


You were on level 6 of the Dungeon.
You visited 1 branch of the dungeon, and saw 6 of its levels.

You collected 225 gold pieces.

Inventory:

Hand Weapons
 a - a +0 dagger (weapon)
 s - the +6 great sword "Rodghemel" {holy, Will+ MP+9}
   (You found it on level 4 of the Dungeon)

   It has been blessed by the Shining One to cause great damage to the undead
   and demons.
   It affects your willpower, your defense against some magical effects.
   It affects your magic capacity (+9).
Missiles
 d - 156 stones
 i - 44 sling bullets
Armour
 b - a +0 hat (worn)
 o - a +0 buckler
 q - a +0 buckler (worn)
Wands
 v - a wand of disintegration (9)
Scrolls
 c - 3 scrolls of fog {unknown}
 f - a scroll of amnesia {unknown}
 j - 2 scrolls of blinking {unknown}
 k - 5 scrolls of identify
 l - 3 scrolls of remove curse {unknown}
 n - 5 scrolls of enchant armour {unknown}
 r - a scroll of teleportation {unknown}
 t - a scroll of magic mapping {unknown}
 w - a scroll of noise {unknown}
Potions
 g - a potion of berserk rage {unknown}
 h - a potion of haste {unknown}
 m - a potion of cancellation {unknown}
 p - a potion of brilliance {unknown}
 u - a potion of lignification {unknown}


   Skills:
 - Level 2.0 Fighting
 * Level 2.3 Long Blades
 - Level 2.0 Dodging
 - Level 2.6 Stealth
 + Level 1.7 Shields
 - Level 3.0 Spellcasting
 - Level 3.0 Conjurations
 - Level 2.0 Summonings
 - Level 1.0 Translocations
 - Level 3.0 Air Magic


You had 3 spell levels left.
You knew the following spells:

 Your Spells              Type           Power        Failure   Level
a - Magic Dart            Conj           52%          6%          1
b - Call Imp              Summ           9%           14%         2
c - Blink                 Tloc           N/A          22%         2
d - Mephitic Cloud        Conj/Pois/Air  9%           28%         3

Your spell library contained the following spells:

 Spells                   Type           Power        Failure   Level
 Slow                     Hex            2%           32%         2
 Conjure Flame            Conj/Fire      8%           34%         3


Dungeon Overview and Level Annotations

Branches:
Dungeon (6/15)
 Temple: D:4-7

Altars:
The Shining One


Innate Abilities, Weirdness & Mutations

You cannot wear most types of armour.
You are very stealthy in the water. (Stealth+)
You are amphibious.
You can wear up to eight rings at the same time.
You can use your tentacles to constrict eight enemies at once.
Your skin changes colour to match your surroundings (Stealth+).
Your rubbery body absorbs attacks. (AC +1, EV +1)


Message History

* * * LOW HITPOINT WARNING * * *
Hit: a) +0 dagger
Press: ? - help, Dir - move target You miss something.
Something hits you.
* * * LOW HITPOINT WARNING * * *
Hit: a) +0 dagger
Press: ? - help, Dir - move target You miss something.
Something hits you.
* * * LOW HITPOINT WARNING * * *
Hit: a) +0 dagger
Press: ? - help, Dir - move target You barely miss something.
You squeeze something! Something hits you.
* * * LOW HITPOINT WARNING * * *
It was a potion of flight.
You feel very buoyant.
You fly up into the air.
You hear some strange, mumbled words.
A magic dart appears from out of thin air!
The magic dart hits you!
You die...

. ######
...###....#
........<.#
.......@{.#
..........#
#####.....#
###+###


There were no monsters in sight!

Vanquished Creatures
  A howler monkey (D:4)
  An orc priest (D:5)
  A hound (D:5)
  A jelly (D:5)
  A worker ant (D:4)
  2 orc wizards (D:4)
  An adder (D:5)
  5 oozes
  A worm (D:4)
  A dart slug (D:2)
  A leopard gecko (D:2)
  10 orcs
  A ball python (D:1)
  3 giant cockroaches
  9 goblins
  5 hobgoblins
  6 jackals
  5 kobolds
  6 quokkas
  6 bats
  2 frilled lizards
  10 rats
79 creatures vanquished.

Vanquished Creatures (collateral kills)
  An adder (D:3)
1 creature vanquished.

Vanquished Creatures (others)
  2 plants (D:3)
2 creatures vanquished.

Grand Total: 82 creatures vanquished

Notes
Turn   | Place    | Note
-------+----------+-------------------------------------------
     0 | D:1      | thiole the Octopode Hedge Wizard began the quest for the
                  | Orb.
     0 | D:1      | Reached XP level 1. HP: 11/11 MP: 4/4
   161 | D:1      | Reached XP level 2. HP: 16/17 MP: 1/6
  1170 | D:2      | Reached XP level 3. HP: 21/21 MP: 2/7
  1668 | D:2      | Learned a level 2 spell: Call Imp
  1671 | D:2      | Learned a level 2 spell: Blink
  1675 | D:2      | Learned a level 3 spell: Mephitic Cloud
  2276 | D:3      | Reached skill level 1 in Air Magic
  2276 | D:3      | Reached XP level 4. HP: 23/27 MP: 2/8
  2372 | D:3      | Found a glowing golden altar of the Shining One.
  2488 | D:3      | Found a faded altar of an unknown god.
  3609 | D:4      | Reached XP level 5. HP: 26/31 MP: 0/9
  3734 | D:4      | Noticed a phantom
  3836 | D:4      | Reached skill level 1 in Fighting
  4188 | D:4      | Got a bloodstained great sword
  4189 | D:4      | Identified the +6 great sword "Rodghemel" {holy, Will+
                  | MP+9} (You found it on level 4 of the Dungeon)
  4383 | D:5      | Entered Level 5 of the Dungeon
  4819 | D:4      | Reached skill level 1 in Shields
  4957 | D:5      | Reached skill level 1 in Long Blades
  4957 | D:5      | Reached XP level 6. HP: 39/39 MP: 10/10
  5624 | D:5      | Noticed a phantom
  5648 | D:6      | Killed from afar by an orc wizard

Illustrated notes

Levels and vault maps discovered:
D:1:      heliophobic_arrival_dark_side_of_the_moon, layout_basic
D:2:      layout_loops_cross
D:3:      layout_loops_corners, tso_oasis_becter,
          chequers_ecumenical_altar_simple
D:4:      layout_basic
D:5:      layout_basic, minmay_fire_ice_demons
D:6:      layout_gridville, minmay_temple_entry_arrows, uniq_duvessa,
          uniq_menkaure, uniq_maggie, uniq_crazy_yiuf_cottage

Skill      XL: |  1  2  3  4  5  6 |
---------------+-------------------+-----
Conjurations   | 2 3 |  3.0
Summonings     | 2 |  2.0
Air Magic      | 1 2 3 |  3.0
Fighting       | 2 |  2.0
Shields        | 1 |  1.7
Long Blades    | 1 2 |  2.3
Dodging        | |  2.0
Stealth        | |  2.6
Spellcasting   | |  3.0
Translocations | |  1.0

Action                   |  1- 3 |  4- 6 || total
-------------------------+-------+-------++-------
Melee: Dagger            |    43 |   116 ||   159
       Constrict         |     7 |    22 ||    29
       Tentacles         |     4 |    25 ||    29
 Cast: Magic Dart        |    68 |    51 ||   119
       Call Imp          |     2 |     3 ||     5
  Use: Potion            |       |     4 ||     4
       Scroll            |       |     1 ||     1
 Stab: Sleeping          |     7 |     6 ||    13
Armor: Skin              |     7 |     2 ||     9
Dodge: Dodged            |    31 |    41 ||    72
Block: Buckler           |       |    14 ||    14
